Cogmind - Beta 13 @@@ ROGUE MODE // 2024.04.01 @ 16:48:18 Player: Delta-Psyco Result: Self-destructed Performance ------------- Evolutions (2) 1000 Regions Visited (3) 600 Robots Destroyed (34) 170 Value Destroyed (648) 648 Prototype IDs (3) 60 Alien Tech Used (0) 0 Bonus (0) 0 TOTAL SCORE: 2478 Bonus ------- None Cogmind --------- Core Integrity 310/550 Matter 276/300 Energy 71/100 System Corruption 0% Temperature Cool (0) Movement Walking (120) Location -8/Materials Parts ------- > --- POWER (1) -------- (None) > --- PROPULSION (4) --- Aluminum Leg Aluminum Leg Aluminum Leg > --- UTILITY (4) ------ Hacking Suite > --- WEAPON (2) ------- Enhanced Autogun > --- INVENTORY (5) ---- ECM Suite Datajack Peak State ------------ > --- POWER ------------ Heavy Ion Engine > --- PROPULSION ------- Aerolev Unit Aerolev Unit Aerolev Unit Aerolev Unit > --- UTILITY ---------- Hacking Suite Hacking Suite > --- WEAPON ----------- Heavy Assault Rifle Enhanced Autogun > --- INVENTORY -------- ECM Suite Light Assault Rifle Light Assault Rifle Light Assault Rifle Datajack [Rating: 31] Favorites ----------- Power Light Ion Engine Engine Light Ion Engine Propulsion Flight Unit Treads Light Treads Leg Aluminum Leg Wheel Wheel Hover Unit Aerolev Unit Flight Unit Flight Unit Utility Hacking Suite Device Sensor Array Storage Small Storage Unit Hackware Hacking Suite Weapon Light Assault Rifle Energy Gun Particle Gun Ballistic Gun Light Assault Rifle Build | -11 -10 -9 -8 ------- Run | Yrd Mat Mat Mat Slots Evolved 4 | . . 2 2 Power . | . . . . Propulsion 2 | . . 2 . Utility 2 | . . . 2 Weapon . | . . . . Parts Attached 45 | 6 13 14 12 Power 4 | 1 1 2 . Engine 4 | 1 1 2 . Core . | . . . . Reactor . | . . . . Propulsion 20 | 2 4 8 6 Treads 1 | . . 1 . Leg 3 | . . . 3 Wheel 6 | 2 . 3 1 Hover 4 | . . 4 . Flight 6 | . 4 . 2 Utility 7 | 1 3 2 1 Device 4 | . 3 . 1 Storage 1 | 1 . . . Processor . | . . . . Hackware 2 | . . 2 . Protection . | . . . . Artifact . | . . . . Weapon 14 | 2 5 2 5 Energy Gun 3 | 1 . . 2 Energy Cannon . | . . . . Ballistic Gun 11 | 1 5 2 3 Ballistic Cannon . | . . . . Launcher . | . . . . Special Weapon . | . . . . Impact Weapon . | . . . . Slashing Weapon . | . . . . Piercing Weapon . | . . . . Special Melee Weapon . | . . . . Unidentified Prototypes 3 | . . 2 1 Parts Lost 18 | . 3 2 13 Power 2 | . 1 . 1 Propulsion 10 | . 2 1 7 Utility 3 | . . 1 2 Weapon 3 | . . . 3 Highest Loss Streak 9 | . 1 2 9 To Critical Strikes . | . . . . Average Slot Usage (%) 81 | . 91 73 69 Engine 11 | . 13 11 7 Treads 1 | . . 4 . Wheel 4 | . 5 3 2 Hover 7 | . . 15 16 Flight 15 | . 22 6 7 Device 10 | . 17 3 3 Storage 1 | . 2 . . Hackware 5 | . . 7 16 Energy Gun 2 | . 2 . 5 Ballistic Gun 20 | . 25 20 10 Naked Turns . | . . . . Heaviest Build 15 | 12 12 12 15 Greatest Support 32 | 20 20 32 32 Greatest Overweight (x) 1 | . . . 1 Average Overweight (x) . | . . . . Largest Inventory Capacity 8 | 8 8 5 5 Average Capacity 5 | 6 5 5 5 Most Carried 5 | 3 5 5 5 Average Carried 2 | . 1 3 3 Final Capacity 8 | 8 5 5 5 Final Carried 4 | . 3 4 2 Class Distribution -------------------- 41% | Mutant 37% | Scavenger-Mutant 21% | Hacker-Mutant Dominant Class ---------------- Mutant | -10/Materials Scavenger-Mutant | -9/Materials Hacker-Mutant | -8/Materials Resources | -11 -10 -9 -8 ----------- Run | Yrd Mat Mat Mat Matter Collected 961 | 244 224 122 371 Remotely . | . . . . Salvage Created 1080 | . 413 122 545 Parts 65 | . 29 12 24 Haulers Intercepted 1 | . . . 1 Recyclers Shooed 1 | . . . 1 Parts Field Recycled . | . . . . Retrieved Matter . | . . . . Parts Self-Destructed . | . . . . Prevented . | . . . . Kills | -11 -10 -9 -8 ------- Run | Yrd Mat Mat Mat Combat Hostiles Destroyed 21 | . 11 1 9 Guns 20 | . 11 1 8 Classes Destroyed 9 | . 5 2 2 Worker 2 | . . . 2 Builder 3 | . 1 1 1 Hauler 1 | . . . 1 Recycler 2 | . 1 . 1 Mechanic 1 | . . 1 . Watcher 4 | . 3 1 . Swarmer 11 | . 8 . 3 Grunt 8 | . 3 . 5 Sentry 2 | . . 1 1 Best Kill Streak 8 | . 5 1 8 Combat Bots Only 5 | . 3 1 5 Max Kills in Single Turn 2 | . 1 1 2 Gunslinging 1 | . . . 1 Exploded . | . . . . Melee . | . . . . Uniques/NPCs Destroyed . | . . . . Combat | -11 -10 -9 -8 -------- Run | Yrd Mat Mat Mat Hostile Shots Fired 189 | . 62 15 112 Missed 54 | . 28 2 24 Damage Taken 1728 | . 297 207 1224 Core 347 | . 61 46 240 Absorbed by Shields . | . . . . Core Remaining (%) 87 | 100 75 88 . Volleys Fired 134 | 1 48 21 64 Largest 2 | 1 2 2 2 Hottest 130 | 40 60 43 130 Shots Fired 249 | 1 96 42 110 Gun 249 | 1 96 42 110 Cannon . | . . . . Launcher . | . . . . Special . | . . . . Kinetic 213 | . 95 42 76 Thermal 34 | . . . 34 Explosive . | . . . . Electromagnetic 2 | 1 1 . . Robot Hit Streak 12 | . 10 5 12 Robot Miss Streak 5 | 1 5 2 3 Penetration Max . | . . . . Secondary Targets 5 | . 3 . 2 Max Gunslinging Chain 1 | . 1 . 1 Shots Hit Robots 150 | . 47 29 74 Core Hits 64 | . 30 9 25 Critical Kills . | . . . . Critical Parts Destroyed . | . . . . Critical Strikes 2 | . . . 2 Burn 2 | . . . 2 Melee Attacks . | . . . . Impact . | . . . . Slashing . | . . . . Piercing . | . . . . Sneak Attacks . | . . . . Combat Hostiles . | . . . . Follow-up Attacks . | . . . . Damage Inflicted 1973 | . 439 314 1220 Guns 1973 | . 439 314 1220 Cannons . | . . . . Explosions . | . . . . Melee . | . . . . Ramming . | . . . . Kinetic 1574 | . 426 314 834 Thermal 386 | . . . 386 Explosive . | . . . . Electromagnetic 13 | . 13 . . Impact . | . . . . Slashing . | . . . . Piercing . | . . . . Highest Corruption . | . . . . Average Corruption . | . . . . Corruption Purged . | . . . . Corruption Blocked . | . . . . Overload Shots . | . . . . Overflow Damage . | . . . . Projectiles . | . . . . Explosions . | . . . . Melee . | . . . . Knockbacks . | . . . . Impact . | . . . . Kinetic . | . . . . Secondary . | . . . . Self-Inflicted Damage . | . . . . Shots . | . . . . Rammed . | . . . . Targets Rammed . | . . . . Kicked . | . . . . Crushed . | . . . . Highest Temperature 251 | . 32 25 251 Average Temperature 42 | . 7 9 71 Received Heat Transfer 726 | . 60 81 585 Siege Activations . | . . . . Robots Corrupted . | . . . . Combat Hostiles . | . . . . Parts Fried . | . . . . Impact Corruptions . | . . . . Robots Melted 1 | . . . 1 Combat Hostiles 1 | . . . 1 Parts Melted 2 | . . . 2 Heat Transferred 1073 | . . . 1073 Parts Sabotaged . | . . . . Parts Stolen . | . . . . Parts Stripped . | . . . . Power Chain Reactions . | . . . . Alert | -11 -10 -9 -8 ------- Run | Yrd Mat Mat Mat Peak Influence 337 | . 337 103 205 Initial 76 | . . 76 42 Average 122 | . 132 91 154 Maximum Alert Level 1 | . 1 . 1 Low Security (%) 85 | 100 78 100 84 Level 1 14 | . 21 . 15 Level 2 . | . . . . Level 3 . | . . . . Level 4 . | . . . . Level 5 . | . . . . High Security . | . . . . Max Security . | . . . . Squads Dispatched 2 | . 1 . 1 Investigation . | . . . . Extermination . | . . . . Reinforcement 2 | . 1 . 1 Assault . | . . . . Garrison . | . . . . Intercept . | . . . . Searches Triggered . | . . . . Construction Impeded . | . . . . Haulers Reinforced . | . . . . Active Scanning Responses . | . . . . Cargo Convoy Interrupts . | . . . . Stealth | -11 -10 -9 -8 --------- Run | Yrd Mat Mat Mat Distress Signals 4 | . 2 2 . Communications Jammed . | . . . . Distress Signals . | . . . . Times Spotted 38 | . 19 9 10 Peak Tracking Total 6 | . 4 5 6 Tactical Retreats 2 | . 2 . . Traps | -11 -10 -9 -8 ------- Run | Yrd Mat Mat Mat Traps Triggered 1 | . . 1 . Indirectly . | . . . . Trap Hack Attempts . | . . . . Triggered . | . . . . Disarmed . | . . . . Reprogrammed . | . . . . Reused . | . . . . Traps Extracted . | . . . . Installed . | . . . . Triggered . | . . . . Machines | -11 -10 -9 -8 ---------- Run | Yrd Mat Mat Mat Machines Disabled . | . . . . Max in Single Turn . | . . . . Machines Repaired . | . . . . Machines Dismantled . | . . . . Machines Sabotaged . | . . . . Overloaded Fab Kills . | . . . . Hacking | -11 -10 -9 -8 --------- Run | Yrd Mat Mat Mat Machines Accessed 3 | . 1 2 . Terminals 3 | . 1 2 . Fabricators . | . . . . Repair Stations . | . . . . Recycling Units . | . . . . Scanalyzers . | . . . . Garrison Access . | . . . . Total Hacks 4 | . 2 2 . Successful 1 | . . 1 . Failed 3 | . 2 1 . Catastrophic . | . . . . Database Lockouts . | . . . . Manual . | . . . . Terminals 4 | . 2 2 . Fabricators . | . . . . Repair Stations . | . . . . Recycling Units . | . . . . Scanalyzers . | . . . . Garrison Access . | . . . . Terminal Hacks 1 | . . 1 . Locate Traps 1 | . . 1 . Fabricator Hacks . | . . . . Repair Station Hacks . | . . . . Recycling Unit Hacks . | . . . . Scanalyzer . | . . . . Garrison Access Hacks . | . . . . Unauthorized Hacks . | . . . . Terminals . | . . . . Fabricators . | . . . . Repair Stations . | . . . . Recycling Units . | . . . . Scanalyzers . | . . . . Garrison Access . | . . . . Data Cores Recovered . | . . . . Used . | . . . . Hacking Detections 1 | . . 1 . Full Trace Events . | . . . . Feedback Events . | . . . . Feedback Blocked . | . . . . Robot Schematics Acquired . | . . . . Robots Built . | . . . . Authchips . | . . . . Time . | . . . . Total Robot Build Rating . | . . . . Part Schematics Acquired . | . . . . Parts Built . | . . . . Authchips . | . . . . Time . | . . . . Total Part Build Rating . | . . . . Parts Repaired . | . . . . Time . | . . . . Parts Recycled . | . . . . Recycled Matter . | . . . . Retrieved Matter . | . . . . Retrieved Components . | . . . . Parts Scanalyzed . | . . . . Part Schematics Acquired . | . . . . Parts Damaged . | . . . . Bothacking | -11 -10 -9 -8 ------------ Run | Yrd Mat Mat Mat Used RIF Installer . | . . . . Robots Hacked . | . . . . Non-combat . | . . . . Combat . | . . . . Robot Hacks Applied . | . . . . Relay Couplers Released . | . . . . Fabnet Peak Effective % . | . . . . Robots Rewired . | . . . . Allies Hacked . | . . . . Hacks Repelled . | . . . . Allies | -11 -10 -9 -8 -------- Run | Yrd Mat Mat Mat Total Allies . | . . . . Largest Group . | . . . . Highest-Rated Group . | . . . . Highest-Rated Ally . | . . . . Total Orders . | . . . . Ally Attacks . | . . . . Total Damage . | . . . . Kills . | . . . . Allies Corrupted . | . . . . Allies Melted . | . . . . Intel | -11 -10 -9 -8 ------- Run | Yrd Mat Mat Mat Robot Analysis Total . | . . . . Derelict Logs Recovered . | . . . . Drone Launches . | . . . . Drone Recoveries . | . . . . Exploration | -11 -10 -9 -8 ------------- Run | Yrd Mat Mat Mat Turns Passed 1117 | 44 558 265 250 Spaces Moved 1351 | 41 855 333 122 Core 9 | 7 . . 2 Treads 24 | . . 24 . Legs 8 | . . . 8 Wheels 193 | 34 118 30 11 Hover 314 | . . 213 101 Flight 803 | . 737 66 . Fastest Speed 37 | 50 37 37 38 Average Speed 47 | 74 42 50 59 Slowest Speed 160 | 80 80 160 120 Overloaded Moves . | . . . . Propulsion Burnouts . | . . . . Robots Hopped . | . . . . Cave-ins Triggered . | . . . . Exploration Rate (%) 34 | 4 98 22 13 Regions Visited 3 Branch Regions . Pre-discovered Areas . | . . . . Known Exits Taken . | . . . . Unknown Exits Taken 3 | 1 1 1 . Scrap Searched . | . . . . Spaces Dug . | . . . . Terrain Destroyed . | . . . . Melee . | . . . . Projectile . | . . . . AOE . | . . . . Terrain Rammed . | . . . . Walls Destroyed . | . . . . Machines Disabled . | . . . . Actions | -11 -10 -9 -8 --------- Run | Yrd Mat Mat Mat Total 1638 | 53 970 403 212 Wait 29 | . 29 . . Move 1348 | 40 854 332 122 Hop . | . . . . Pick Up 48 | 6 15 17 10 Fast Attach . | . . . . Attach 35 | 6 7 12 10 Detach 11 | . 3 7 1 Swap 10 | . 6 2 2 Drop 23 | . 8 12 3 Fire 134 | 1 48 21 64 Melee . | . . . . Ram . | . . . . Kick . | . . . . Crush . | . . . . Escape Stasis . | . . . . Rewire . | . . . . Trap . | . . . . Miscellaneous . | . . . . Route ------- -11/Scrapyard -10/Materials (discovered 5 exits: *Mat x3 / [*Min x2]) -9/Materials -8/Materials History --------- Turn | Location | Event 20 | -11/Scrapyard | Discovered new exit (range 14) 45 | -11/Scrapyard | Entered Materials 198 | -10/Materials | Discovered new exit (range 7) 293 | -10/Materials | Discovered new exit (range 13) 313 | -10/Materials | Discovered new exit (range 5) 329 | -10/Materials | Build established: Mutant 394 | -10/Materials | Discovered new exit (range 8) 467 | -10/Materials | Discovered new exit (range 10) 603 | -10/Materials | Entered another Materials area 603 | -9/Materials | Evolved 2 slots: Propulsion x2 731 | -9/Materials | Build established: Scavenger-Mutant 863 | -9/Materials | Discovered new exit (range 16) 868 | -9/Materials | Entered another Materials area 868 | -8/Materials | Evolved 2 slots: Utility x2 988 | -8/Materials | Lost 4 parts (3n1w) 1118 | -8/Materials | Lost 9 parts (1p4n2u2w) 1118 | -8/Materials | Self-destructed Last Messages --------------- Particle Gun destroyed. Flight Unit destroyed. Imp. Heat Sink destroyed. Lgt. Nuclear Core melted. G-47 Trooper destroyed. Flight Unit destroyed. Destroyed Lgt. Nuclear Core. Hacking Suite destroyed. U-05 Engineer builds a Door. K-01 Serf collects debris. U-05 Engineer destroyed. K-01 Serf collects debris. G-47 Trooper destroyed. K-01 Serf collects debris. Acquired Aluminum Leg. K-01 Serf collects debris. Acquired 30 matter. [Achievement: Universal Adapter] Acquired 41 matter. Acquired Aluminum Leg. Map ----- +----------------------------------------------------+ | ?????????????????????????????????????????????????? | | ?????????????????????????????????????????????????? | | ?????????????????????????????????????????????????? | | ?????????????????????????????????????????????????? | | ?????????????????????????????????????????????????? | | ?????????????????????????????????????????????????? | | ?????????????????????????????????????????????????? | | ?????????????????????????????????????????????????? | | ?????????????????????????????????????????????????? | | ?????????????????????????????????????????????????? | | ????????????????? ???????????????????????????????? | | ????????????????? ???????????????????????????????? | | ????????????????? ???????????????????????????????? | | ????????????????? ???????????????????????????????? | | ????????????????? ???????????????????????????????? | | ????????????????? ???????????????????????????????? | | ????????????????? ???????????????????????????????? | | ????????????????# #??????###############?????????? | | ???????????????? +??????# # #?????????? | | ????????????????# #??????# # T #?????????? | | ????????????????# #??????# """# #?????????? | | ????????????????# #??????#* """#! #?????????? | | ????????????????#|#??????#*[*"""# #?????????? | | ???????????????##%##?????# [[ # #?????????? | | ????????########%%!#######+#########+######## !#? | | ? % [ @ =[%*[! %= !#? | | ????????######## [ ##+################ ###### !#? | | ???????????????##/## ??????# # #?????????? | | ??????????????? # ??????# + #?????##### | | ?????????????? # ?????# # #?##### | | ????????????? # ?????######### #? # | | ????????????# # #????????????# # """ # | | ????????????# #" #????????????# # """ # [ | | ????????????# #T #????????????# + """ # | | ????????????########" !#???????###### # ### # | | ???????????????????? #???????+ # "Y" #?# # | | ????????????????????#####???????###### #?""" #?# + | | ?????????????????????????????????????# ######### # | | ?????????????????????????????????????# # | | ?????????????????????????????????????############# | | ?????????????????????????????????????????????????# | | ?????????????????????????????????????????????????# | | ?????????????????????????????????????????????????? | | ?????????????????????????????????????????????????? | | ?????????????????????????????????????????????????? | | | | | | | | | | | +----------------------------------------------------+ Best States ------------- Heat Dissipation 45 Energy Generation 14 Energy Capacity 280 Matter Stores 300 Matter Capacity 300 Sight Range 16 Robot Scan Range 14 Terrain Scan Density 10 ECM Strength 1 Evasion (%) 62 Recoil Reduction 1 Offensive Hacking 20 Item Schematics ----------------- None Robot Schematics ------------------ None Fabricated ------------ Nothing Alien Tech Used ----------------- None Achievements -------------- It's Just You Loot Pinata Universal Adapter Challenges ------------ None Game ------ Seed ForceDecoderPropulsion Manual? 0 Play Time 00:36:01 Cumulative 6.7 hours Start 2024.04.01 @ 00:03:03 End 2024.04.01 @ 16:48:18 Sessions 3 Manual Loads 0 Difficulty Rogue Special Mode None Game No. 8 Rogue 8 Adventurer 0 Explorer 0 Win Type - Total 0 Types 0/0/0/0/0/0/0/0/0 Lore% 1 Gallery% 7 Achievement% 10 Wizard Run 0 Options --------- Layout 1 ASCII 0 Keyboard 0 Movement Numpad Keybinds 0 Fullscreen 1 Font 24/Smallcaps Map View 50x35 Zoom Use 0% Tactical HUD 0 Map Filters NONE Filters NONE Steam 1 RUN: f179d553-dc68-4228-b339-a7890058664e